 Dungeon Crawl Stone Soup version 0.29.1-4-g47bece8355 (webtiles) character file.

Game seed: 14610848527429633482

191 sanboga the Conjurer (level 5, -2/28 HPs)
             Began as a Deep Elf Conjurer on Dec 9, 2022.
             Slain by a gnoll
             ... wielding a +0 whip
              (5 damage)
             ... on level 4 of the Dungeon.
             The game lasted 00:04:23 (3085 turns).

sanboga the Conjurer (Deep Elf Conjurer)            Turns: 3085, Time: 00:04:24

Health: -2/28      AC:  2    Str:  2 (4)  XL:     5   Next: 41%
Magic:  9/13       EV: 13    Int: 22 (25) God:
Gold:   194        SH:  0    Dex: 11 (13) Spells: 6/13 levels left

rFire   + . .      SeeInvis .   s - +1 dagger (venom)
rCold   . . .      Faith    .   (no shield)
rNeg    . . .      Spirit   .   a - +0 robe
rPois   .          Reflect  .   (no helmet)
rElec   .          Harm     .   (no cloak)
rCorr   .          Rampage  .   (no gloves)
Will    +....                   (no boots)
Stlth   ++........              (no amulet)
HPRegen 0.09/turn               d - ring of protection from fire
MPRegen 0.13/turn               o - ring of willpower

@: no status effects
A: no striking features
a: no special abilities


You were on level 4 of the Dungeon.
You visited 1 branch of the dungeon, and saw 4 of its levels.

You collected 194 gold pieces.

Inventory:

Hand Weapons
 s - a +1 dagger of venom (weapon)
Armour
 a - a +0 robe (worn)
Jewellery
 d - a ring of protection from fire (left hand)
 o - a ring of willpower (right hand)
Wands
 p - a wand of polymorph (6)
Scrolls
 c - a scroll of immolation {unknown}
 e - 2 scrolls of vulnerability {unknown}
 f - 2 scrolls of fear {unknown}
 h - 7 scrolls of identify {unknown}
 i - 2 scrolls of amnesia {unknown}
 m - a scroll of noise {unknown}
 r - a scroll of enchant armour {unknown}
Potions
 b - 2 potions of magic
 g - a potion of flight {unknown}
 j - a potion of degeneration
 k - a potion of might {unknown}
 l - a potion of lignification {unknown}
 n - a potion of attraction {unknown}
 q - a potion of brilliance {unknown}


   Skills:
 + Level 4.0 Dodging
 - Level 2.4 Stealth
 + Level 4.5 Spellcasting
 * Level 6.1 Conjurations


You had 6 spell levels left.
You knew the following spells:

 Your Spells              Type           Power      Damage    Failure   Level
a - Magic Dart            Conj           100%       1d8       1%          1
b - Searing Ray           Conj           62%        2d6       1%          2
c - Fulminant Prism       Conj/Hex       9%         3d7       30%         4

Your spell library contained the following spells:

 Spells                   Type           Power      Damage    Failure   Level
 Dazzling Flash           Conj/Hex       36%        N/A       9%          3
 Beastly Appendage        Tmut           10%        N/A       11%         1
 Wereblood                Tmut           5%         N/A       16%         2
 Iskenderun's Mystic Bla  Conj/Tloc      18%        2d6       30%         4
 Spider Form              Tmut/Pois      5%         N/A       32%         3


Dungeon Overview and Level Annotations

Branches:
Dungeon (4/15)
 Temple: D:4-7

Altars:
Zin


Message History

Confirm with . or Enter, or press ? or * to list all spells.
The spell is astonishingly dangerous to miscast (26% risk of failure)!
Continue anyway?
Aiming: Fulminant Prism (astonishingly dangerous; 26% risk of failure)
Press: ? - help, Dir - move target You conjure a prism of explosive energy!
A fulminant prism comes into view.
The gnoll barely misses you. x2
You hit the gnoll.
The gnoll is moderately wounded.
The gnoll closely misses you. The gnoll hits you with a +0 whip.
Your fulminant prism crackles loudly.
You completely miss the gnoll.
The gnoll is moderately wounded.
The gnoll hits you but does no damage. The gnoll hits you with a +0 whip.
The gnoll hits you from afar with a +0 spear. x2
The gnoll closely misses you.
Your fulminant prism explodes!
The blast of energy engulfs the gnoll!
The gnoll is severely wounded.
The blast of energy engulfs the gnoll!
The gnoll is severely wounded.
The blast of energy engulfs the gnoll!
You kill the gnoll!
The blast of energy engulfs the gnoll!
The gnoll is severely wounded.
The blast of energy engulfs the gnoll!!
You kill the gnoll!
The blast of energy engulfs the adder!
The adder is almost dead.
You hear an angry hiss.
Your Dodging skill increases to level 4!
The gnoll hits you with a +0 whip!
* * * LOW HITPOINT WARNING * * *
You see here 5 stones.
Okay, then.
It was a potion of degeneration.
There was something very wrong with that liquid.
You feel weakened.
You feel dopey.
You feel clumsy. The gnoll hits you with a +0 whip.
You die...

#. ..#
#.g#####..#
#....)....#
#.g..)....##
#†....##
########g.....#
#....#.Sg###....
#....gg## ###
#....@##
###[.######
##......##
#..####.### ####
##..## #####
##..# #.... .
#..# #....
..######..#
##..##
.........##
#..###


You could see 4 gnolls and an adder.

Vanquished Creatures
  Jessica (D:3)
  3 adders
  8 gnolls
  A worm (D:3)
  2 orcs (D:3)
  A bat (D:2)
  9 endoplasms
  A giant cockroach (D:3)
  5 hobgoblins
  A jackal (D:2)
  2 quokkas
  5 ball pythons
  6 frilled lizards
  5 goblins
  5 kobolds
  5 rats
60 creatures vanquished.

Vanquished Creatures (others)
  A fulminant prism (D:4)
1 creature vanquished.

Grand Total: 61 creatures vanquished

Notes
Turn   | Place    | Note
-------+----------+-------------------------------------------
     0 | D:1      | sanboga the Deep Elf Conjurer began the quest for the Orb.
     0 | D:1      | Reached XP level 1. HP: 10/10 MP: 6/6
    85 | D:1      | Found a faded altar of an unknown god.
   400 | D:1      | Reached XP level 2. HP: 15/15 MP: 5/8
   818 | D:2      | Learned a level 2 spell: Searing Ray
  1048 | D:2      | Reached skill level 5 in Conjurations
  1049 | D:2      | Reached XP level 3. HP: 19/19 MP: 7/10
  1557 | D:2      | Reached XP level 4. HP: 24/24 MP: 7/11
  1599 | D:2      | Learned a level 4 spell: Fulminant Prism
  2441 | D:3      | You fall into a shaft and drop 1 floor!
  2679 | D:3      | Reached XP level 5. HP: 28/28 MP: 11/13
  2944 | D:3      | Noticed Jessica
  2946 | D:3      | Killed Jessica
  2947 | D:3      | Reached skill level 6 in Conjurations
  2961 | D:3      | Found a glowing silver altar of Zin.
  3085 | D:4      | Slain by a gnoll

Illustrated notes

Levels and vault maps discovered:
D:1:      lemuel_arrival_funnel, layout_loops_cross,
          ebering_ecumenical_altar_sacrificial
D:2:      layout_basic, minmay_increasing_density
D:3:      layout_basic, marbit_many_paths, uniq_jessica
D:4:      layout_layer_cave, minmay_fountain_box

Skill      XL: |  1  2  3  4  5 |
---------------+----------------+-----
Conjurations   | 5 6 |  6.1
Dodging        | 3 4 |  4.0
Spellcasting   | 4 |  4.5
Stealth        | |  2.4

Action                   |  1- 3 |  4- 6 || total
-------------------------+-------+-------++-------
Melee: Dagger            |       |     5 ||     5
 Cast: Magic Dart        |    50 |    55 ||   105
       Searing Ray       |     1 |     1 ||     2
       Fulminant Prism   |       |     1 ||     1
  Use: Scroll            |       |     1 ||     1
       Potion            |       |     1 ||     1
Armor: Robe              |     1 |     2 ||     3
Dodge: Dodged            |     6 |     8 ||    14
